 Dungeon Crawl Stone Soup version 0.29-a0-973-gac7da5f7f0 (webtiles) character file.

Game seed: 4346383218574445548

4 frimble the Grave Robber (level 1, 0/13 HPs)
             Began as a Demonspawn Necromancer on July 31, 2022.
             Slain by a ball python (2 damage)
             ... on level 1 of the Dungeon.
             The game lasted 00:00:26 (31 turns).

frimble the Grave Robber (Demonspawn Necromancer)     Turns: 31, Time: 00:00:27

Health: 0/13       AC:  2    Str:  8    XL:     1   Next: 50%
Magic:  0/3        EV: 12    Int: 16    God:
Gold:   0          SH:  0    Dex: 13    Spells: 3/4 levels left

rFire   . . .      SeeInvis .   (no weapon)
rCold   . . .      Faith    .   (no shield)
rNeg    . . .      Spirit   .   a - +0 robe
rPois   .          Reflect  .   (no helmet)
rElec   .          Harm     .   (no cloak)
rCorr   .          Rampage  .   (no gloves)
Will    .....                   (no boots)
Stlth   ++........              (no amulet)
HPRegen 0.04/turn               (no ring)
MPRegen 0.08/turn               (no ring)

@: no status effects
A: no striking features
a: no special abilities


You were on level 1 of the Dungeon.
You visited 1 branch of the dungeon, and saw 1 of its levels.

Inventory:

Armour
 a - a +0 robe (worn)


   Skills:
 + Level 1.8 Dodging
 + Level 1.9 Stealth
 + Level 2.0 Spellcasting
 + Level 4.4 Necromancy


You had 3 spell levels left.
You knew the following spells:

 Your Spells              Type           Power      Damage    Failure   Level
a - Necrotise             Necr           60%        1d7       3%          1

Your spell library contained the following spells:

 Spells                   Type           Power      Damage    Failure   Level
 Vampiric Draining        Necr           15%        2d7       10%         3
 Animate Dead             Necr           15%        N/A       32%         4
 Agony                    Necr           15%        N/A       67%         5


Dungeon Overview and Level Annotations

Branches:
Dungeon (1/15)

Altars:


Message History

The jackal is moderately wounded.
The ball python misses you. The ball python closely misses you.
The jackal bites you.
Your goblin skeleton closely misses the jackal.
The ball python bites you. The ball python completely misses you.
You hit the jackal but do no damage.
The jackal is moderately wounded.
The jackal closely misses you.
The ball python completely misses you. x2
Your goblin skeleton hits the jackal but does no damage.
The ball python attacks as you move away!
The ball python bites you but does no damage.
The jackal barely misses you.
A jackal comes into view.
The jackal bites you.
* * * LOW HITPOINT WARNING * * *
Things that are here:
a +0 club; a kobold corpse The jackal attacks as you move away!
The jackal closely misses you.
You enter the shallow water.
Moving in this stuff is going to be slow.
The ball python bites your goblin skeleton.
The ball python grabs your goblin skeleton.
The ball python constricts your goblin skeleton.
Your goblin skeleton hits the ball python.
The ball python loses its grip on your goblin skeleton.
Your goblin skeleton hits the ball python.
The jackal bites you.
* * * LOW HITPOINT WARNING * * *
The ball python barely misses you. x2
The jackal attacks as you move away! The jackal barely misses you.
A jackal comes into view.
The jackal barely misses you.
Casting: Necrotise (safe; 3% risk of failure)
Confirm with . or Enter, or press ? or * to list all spells.
Aiming: Necrotise (safe; 3% risk of failure)
Press: ? - help, Shift-Dir - straight line, f - ball python
Aim: a ball python (severely wounded, ally target, chance to affect: 85%)
The ball python barely resists.
The jackal barely misses you. The ball python bites you.
You die...

.....≈♣≈.....≈♣≈#
....≈♣⌠♣≈≈≈≈≈♣⌠♣≈
.....≈♣.......♣≈.#
...h..)...<...≈...
.....≈P..)....♣≈..
....≈P⌠P≈≈≈≈≈♣⌠♣
..#..≈P≈Z....≈♣≈#
#.....≈.Sh...#≈#
#.......h@...###
...!........##
............#
...........#
.........##
...##...## ###
#####


You could see 3 jackals, a ball python (ally target) and a friendly goblin
skeleton.

Vanquished Creatures
  An endoplasm (D:1)
  A kobold (D:1)
  A ball python (D:1)
  A goblin (D:1)
4 creatures vanquished.

Notes
Turn   | Place    | Note
-------+----------+-------------------------------------------
     0 | D:1      | frimble the Demonspawn Necromancer began the quest for the
                  | Orb.
     0 | D:1      | Reached XP level 1. HP: 13/13 MP: 3/3
    31 | D:1      | Slain by a ball python

Illustrated notes

Levels and vault maps discovered:
D:1:      ldierk_water_garden, layout_rooms,
          hellmonk_ecumenical_altar_slurped_away

Action                   || total
-------------------------++-------
Melee: Unarmed           ||     9
 Cast: Necrotise         ||     8
  Use: Potion            ||     1
 Stab: Distracted        ||     1
Armor: Robe              ||     2
Dodge: Dodged            ||    29

Table legend: (Time is in decaauts)
 A = Elapsed time spent in this place.
 B = Non-inter-level travel time spent in this place.
 C = Inter-level travel time spent in this place.
 D = Time resting spent in this place.
 E = Time spent auto-exploring this place.
 F = Levels seen in this place.
 G = Mean time per level.
                   A        B        C        D        E       F      G
               +--------+--------+--------+--------+--------+-----+--------+
         Total |     31 |     31 |      0 |      0 |      1 |   1 |   31.0 |
       Dungeon |     31 |     31 |      0 |      0 |      1 |   1 |   31.0 |
               +--------+--------+--------+--------+--------+-----+--------+

Top non-repeatable levels by time:
     D:1: 31 daAuts
